 Dungeon Crawl Stone Soup version 0.32-a0-391-gce5c0aab1b (webtiles) character file.

Game seed: 2440982216749284172

1262 sasquatch the Carver (level 8, -5/56 HPs)
             Began as a Coglin Gladiator on Feb 19, 2024.
             Was a Priest of Uskayaw.
             Slain by Joseph
             ... wielding a +0 quarterstaff
              (11 damage)
             ... on level 7 of the Dungeon.
             The game lasted 00:09:26 (5107 turns).

sasquatch the Carver (Coglin Gladiator)             Turns: 5107, Time: 00:09:27

Health: -5/56      AC: 10    Str: 14    XL:     8   Next: 52%
Magic:  8/8        EV: 10    Int:  9    God:    Uskayaw [***...]
Gold:   268        SH:  0    Dex: 17    Spells: 7/7 levels left

rFire   + . .        a - +0 long sword {Zola}
rCold   . . .        v - +0 falchion {Dave}
rNeg    . . .        w - +3 scale mail "Xuyqah" {rF+}
rPois   .            c - +0 helmet
rElec   .            (no cloak)
rCorr   .            (no gloves)
SInv    +            (no boots)
Will    .....        x - amulet of the acrobat Stlth
                     p - ring of see invisible
HPRegen 0.29/turn    (no ring)
MPRegen 0.11/turn

%: acrobat
@: revved, stiff-legged, very slow
A: off-hand wielding, slow wielding, warmup strikes, warmup strides
a: Renounce Religion, Stomp, Line Pass


You were on level 7 of the Dungeon.
You worshipped Uskayaw.
Uskayaw was noncommittal.
You visited 2 branches of the dungeon, and saw 8 of its levels.

You collected 334 gold pieces.
You spent 66 gold pieces at shops.

Inventory:

Hand Weapons
 a - a +0 long sword (weapon) {Zola}
 v - a +0 falchion (worn) {Dave}
Missiles
 d - 4 throwing nets
 e - a javelin
 o - 13 poisoned darts (quivered)
Armour
 b - a +0 leather armour
 c - a +0 helmet (worn)
 w - the +3 scale mail "Xuyqah" (worn) {rF+}
   (You found it on level 4 of the Dungeon)

   rF+:       It protects you from fire.
Jewellery
 p - a ring of see invisible (left grasper)
 x - an amulet of the acrobat (around neck)
Scrolls
 f - 5 scrolls of teleportation
 i - a scroll of enchant weapon {unknown}
 j - a scroll of fog {unknown}
 k - a scroll of poison {unknown}
 n - a scroll of torment {unknown}
 q - a scroll of vulnerability {unknown}
 t - 3 scrolls of enchant armour {unknown}
Potions
 g - a potion of lignification
 h - 2 potions of brilliance
 l - 2 potions of degeneration {unknown}
 m - 3 potions of might
 r - 2 potions of haste
 s - a potion of enlightenment {unknown}
 u - a potion of invisibility {unknown}


   Skills:
 - Level 2.0 Fighting
 + Level 10.5 Long Blades
 - Level 1.7 Throwing
 - Level 2.6 Dodging


You had 7 spell levels left.
You didn't know any spells.
Your spell library contained the following spells:

 Spells                   Type           Power      Damage    Failure   Level
 Magic Dart               Conj           0%         1d3       88%         1
 Static Discharge         Conj/Air       0%         3-3/arc   95%         2
 Stone Arrow              Conj/Erth      0%         3d7       99%         3
 Animate Armour           Summ/Erth      0%         N/A       100%        4
 Lehudib's Crystal Spear  Conj/Erth      0%         10d2      100%        8
 Chain Lightning          Conj/Air       0%         N/A       100%        9
 Fire Storm               Conj/Fire      0%         5d1       100%        9
 Shatter                  Erth           0%         3d5*      100%        9


Dungeon Overview and Level Annotations

Branches:
Dungeon (7/15)             Temple (1/1) D:4

Altars:
Ashenzari
Dithmenos
Elyvilon
Fedhas
Gozag
Hepliaklqana
Kikubaaqudgha
Makhleb
Nemelex Xobeh
Okawaru
Qazlal
Ru
Sif Muna
Trog
Uskayaw
Vehumet
Wu Jian
Xom
Yredelemnul
Zin
The Shining One

Shops:
D:2 !

Annotations:
D:7 Joseph


Innate Abilities, Weirdness & Mutations

You can wield a second weapon in your off-hand.
It takes a long time for you to wield or remove held weapons.
Your first few attacks do less damage.
Your first movements take longer.


Message History

Joseph is heavily wounded.
You closely miss Joseph with your +0 falchion.
Joseph hits you with a +0 quarterstaff.
You closely miss Joseph with your +0 falchion.
Joseph is heavily wounded.
You hit Joseph with your +0 long sword.
Uskayaw will force your foes to helplessly watch your dance.
Uskayaw prepares the audience for your solo!
The helpless Joseph fails to defend himself.
You hit Joseph but do no damage.
Joseph is severely wounded.
The helpless Joseph fails to defend himself.
You slash Joseph with your +0 long sword!
Joseph is no longer paralysed.
Joseph hits you with a +0 quarterstaff.
You hit Joseph but do no damage.
Joseph is almost dead.
You hit Joseph but do no damage. Joseph hits you with a +0 quarterstaff.
You hit Joseph but do no damage.
Joseph is almost dead.
You hit Joseph with your +0 long sword. Joseph barely misses you.
You hit Joseph with your +0 falchion.
Joseph is almost dead.
You barely miss Joseph with your +0 long sword.
You hit Joseph but do no damage.
Joseph is almost dead.
You barely miss Joseph with your +0 falchion.
Joseph barely misses you.
You hit Joseph but do no damage.
Joseph is almost dead.
You hit Joseph but do no damage. Joseph hits you with a +0 quarterstaff.
You hit Joseph but do no damage.
Joseph is almost dead.
You barely miss Joseph with your +0 long sword.
Joseph hits you with a +0 quarterstaff!
* * * LOW HITPOINT WARNING * * *
You hit Joseph but do no damage.
Joseph is almost dead.
You hit Joseph but do no damage. Joseph hits you with a +0 quarterstaff!
You die...
Your body falls in perfect tune with the rhythm.

...# ##..# #...# #....
#....# #...# #....#
#...# #....###..@####.#
#..........@....#
#.###..#.###...######
....................
######..#.###.#####..#.
#......................
#.####.##.##.######..
#.##...........
#.##.#########.
#.##.........


You could see Joseph.

Vanquished Creatures
  2 water moccasins
  3 black bears
  A phantom (D:5)
  A scorpion (D:6)
  A howler monkey (D:2)
  2 hounds
  A bombardier beetle (D:4)
  An orc priest (D:6)
  A jelly (D:5)
  Jessica (D:2)
  An iguana (D:5)
  2 orc wizards (D:5)
  8 adders
  4 gnolls (D:5)
  A white imp (D:5)
  2 ufetubi (D:5)
  5 dart slugs
  2 ribbon worms (D:4)
  20 orcs
  16 ball pythons
  6 bats
  8 endoplasms
  2 giant cockroaches (D:1)
  6 hobgoblins
  12 kobolds
  3 quokkas
  4 frilled lizards
  8 goblins
  11 rats
135 creatures vanquished.

Notes
Turn   | Place    | Note
-------+----------+-------------------------------------------
     0 | D:1      | sasquatch the Coglin Gladiator began the quest for the Orb.
     0 | D:1      | Reached XP level 1. HP: 16/16 MP: 1/1
    81 | D:1      | Reached XP level 2. HP: 20/22 MP: 2/2
   153 | D:1      | Reached skill level 4 in Long Blades
   175 | D:1      | Reached XP level 3. HP: 27/27 MP: 3/3
   449 | D:1      | Got the Parchment of Bolts
   464 | D:1      | Reached XP level 4. HP: 31/33 MP: 4/4
   796 | D:2      | Reached skill level 5 in Long Blades
   804 | D:2      | Reached XP level 5. HP: 4/38 MP: 5/5
   806 | D:2      | Found Hiebeive's Distillery.
   913 | D:2      | Bought a potion of lignification for 33 gold pieces
   913 | D:2      | Bought a potion of curing for 33 gold pieces
  1452 | D:2      | Noticed Jessica
  1457 | D:2      | Killed Jessica
  1458 | D:2      | Reached skill level 6 in Long Blades
  1845 | D:3      | Reached XP level 6. HP: 31/44 MP: 6/6
  2231 | D:4      | Found a stormy altar of Qazlal.
  2233 | D:4      | Noticed an air elemental
  2233 | D:4      | Noticed a fire elemental
  2234 | D:4      | Noticed a water elemental
  2261 | D:4      | Found a glowing golden altar of the Shining One.
  2261 | D:4      | Found a sparkling altar of Nemelex Xobeh.
  2399 | D:4      | Reached skill level 7 in Long Blades
  2564 | D:4      | Found a staircase to the Ecumenical Temple.
  2583 | Temple   | Entered the Ecumenical Temple
  2600 | Temple   | Became a worshipper of Uskayaw the Reveller
  2880 | D:4      | Found an ancient bone altar of Kikubaaqudgha.
  3015 | D:4      | Identified the +3 scale mail "Xuyqah" {rF+}
  3022 | D:4      | Found a glowing silver altar of Zin.
  3106 | D:5      | Entered Level 5 of the Dungeon
  3157 | D:5      | Reached * piety under Uskayaw
  3184 | D:5      | Found a blossoming altar of Fedhas.
  3217 | D:5      | Found an ornate altar of the Wu Jian Council.
  3256 | D:5      | Noticed a black bear
  3265 | D:5      | Killed a black bear
  3265 | D:5      | Reached ** piety under Uskayaw
  3266 | D:5      | Reached skill level 8 in Long Blades
  3266 | D:5      | Reached XP level 7. HP: 35/50 MP: 7/7
  3464 | D:5      | Reached *** piety under Uskayaw
  3468 | D:5      | Reached **** piety under Uskayaw
  3524 | D:5      | Reached skill level 9 in Long Blades
  3959 | D:5      | Reached XP level 8. HP: 36/56 MP: 8/8
  4763 | D:6      | Reached skill level 10 in Long Blades
  5082 | D:7      | Noticed Joseph
  5107 | D:7      | Slain by Joseph

Illustrated notes

Levels and vault maps discovered:
D:1:      minmay_arrival_wavy_path, layout_rooms, minmay_vboxes
D:2:      layout_basic, serial_shops, shop, nrook_loot_triangle, uniq_jessica
D:3:      layout_rooms, minmay_shallow_snake_nest
D:4:      layout_loops_ring, nicolae_qazlal_style_of_elements,
          gammafunk_temple_overflow_elements,
          nicolae_kikubaaqudgha_miasma_corner, marbit_many_paths,
          minmay_temple_entry_stoned_glass, minmay_misc_feat_plants,
          nicolae_concentric_dashed_squares_mild, nicolae_figureground_sparkle
D:5:      layout_loops_corners, nicolae_wu_jian_wuxing_cycle, fedhas_altar_4
D:6:      layout_gridville, chequers_serial_rivers_room_a
D:7:      layout_basic, serial_shops, shop, uniq_joseph
Temple:   eino_temple_water

Skill      XL: |  1  2  3  4  5  6  7  8 |
---------------+-------------------------+-----
Long Blades    | 4 5 6 8 9 10 | 10.5
Fighting       | |  2.0
Throwing       | |  1.7
Dodging        | |  2.6

Action                     |  1- 3 |  4- 6 |  7- 9 || total
---------------------------+-------+-------+-------++-------
  Melee: Long sword        |    76 |   146 |    89 ||   311
         Short sword       |       |    89 |       ||    89
         Falchion          |       |    41 |    91 ||   132
  Throw: Dart              |       |     5 |     3 ||     8
         Javelin           |       |     1 |       ||     1
    Use: Scroll            |       |     4 |     1 ||     5
         Potion            |       |     1 |     1 ||     2
   Stab: Sleeping          |     1 |     4 |       ||     5
         Paralysed         |       |       |    11 ||    11
 Armour: Leather armour    |    61 |   103 |       ||   164
         Scale mail        |       |       |    73 ||    73
  Dodge: Dodged            |    62 |   104 |    41 ||   207

Table legend: (Time is in decaauts)
 A = Elapsed time spent in this place.
 B = Non-inter-level travel time spent in this place.
 C = Inter-level travel time spent in this place.
 D = Time resting spent in this place.
 E = Time spent auto-exploring this place.
 F = Levels seen in this place.
 G = Mean time per level.
                   A        B        C        D        E       F      G
               +--------+--------+--------+--------+--------+-----+--------+
         Total |   5294 |   5027 |    267 |    153 |   4006 |   8 |  661.8 |
       Dungeon |   5259 |   5025 |    234 |    153 |   4006 |   7 |  751.3 |
        Temple |     35 |      2 |     33 |      0 |      0 |   1 |   35.0 |
               +--------+--------+--------+--------+--------+-----+--------+

Top non-repeatable levels by time:
     D:5: 1357 daAuts
     D:4: 902 daAuts
     D:1: 874 daAuts
     D:2: 790 daAuts
     D:6: 668 daAuts
     D:3: 620 daAuts
     D:7: 45 daAuts
  Temple: 35 daAuts
